 Dungeon Crawl Stone Soup version 0.31-a0-988-g08d55da (webtiles) character file.

Game seed: 17239144786884067937

11 Blackhawk the Trooper (level 2, -5/24 HPs)
             Began as a Demonspawn Berserker on Nov 5, 2023.
             Was a Follower of Trog.
             Slain by a gnoll
             ... wielding a +0 spear
              (9 damage)
             ... on level 1 of the Dungeon.
             The game lasted 00:00:38 (205 turns).

Blackhawk the Trooper (Demonspawn Berserker)         Turns: 205, Time: 00:00:39

Health: -5/24      AC:  2    Str: 17    XL:     2   Next: 13%
Magic:  2/2        EV: 12    Int:  8    God:    Trog [*.....]
Gold:   0          SH:  0    Dex: 12    Spells: 1/1 levels left

rFire   . . .        a - +0 hand axe
rCold   . . .        (no shield)
rNeg    . . .        b - +0 animal skin
rPois   .            (helmet restricted)
rElec   .            (no cloak)
rCorr   .            (no gloves)
SInv    .            (no boots)
Will    .....        (no amulet)
Stlth   +            (no ring)
HPRegen 0.24/turn    (no ring)
MPRegen 0.08/turn

%: no passive effects
@: no status effects
A: horns 1
a: Renounce Religion, Berserk


You were on level 1 of the Dungeon.
You worshipped Trog.
Trog was aware of your devotion.
You visited 1 branch of the dungeon, and saw 1 of its levels.

Inventory:

Hand Weapons
 a - a +0 hand axe (weapon)
Armour
 b - a +0 animal skin (worn)
Scrolls
 c - a scroll of identify {unknown}
Potions
 d - a potion of curing {unknown}
 e - a potion of berserk rage {unknown}


   Skills:
 + Level 3.1 Fighting
 + Level 2.8 Axes
 + Level 2.0 Armour
 + Level 2.0 Dodging


You had one spell level left.
You didn't know any spells.
Your spell library was empty.

Dungeon Overview and Level Annotations

Branches:
Dungeon (1/15)

Altars:


Innate Abilities, Weirdness & Mutations

You have a pair of small horns on your head.


Message History

You kill the hobgoblin!
Trog accepts your kill. The bat misses you. The bat closely misses you.
You have reached level 2!
Your demonic ancestry asserts itself...
A pair of horns grows on your head!
You closely miss the bat. The bat hits you but does no damage.
You hit the rat.
You kill the rat!
Trog accepts your kill. The bat hits you but does no damage.
The bat closely misses you.
You see here a hobgoblin corpse.
The bat closely misses you.
You hit the bat. Your headbutt misses the bat.
The bat is heavily wounded.
The bat hits you but does no damage. The bat completely misses you.
The bat barely misses you.
You hit the bat.
The bat is severely wounded.
The bat hits you but does no damage. The bat hits you.
The bat closely misses you.
You completely miss the bat. Your headbutt misses the bat.
The bat is severely wounded.
The bat barely misses you. The bat hits you but does no damage.
A gnoll comes into view. It is wielding a +0 spear.
Found a stone staircase leading down.
The gnoll shouts!
The bat hits you.
You hit the bat.
You kill the bat!
Trog accepts your kill.
Found 3 scrolls labelled NOS BUEMPER, 3 stones and a short sword.
The gnoll hits you from afar with a +0 spear.
You are too injured to fight recklessly!
The gnoll hits you with a +0 spear.
* * * LOW HITPOINT WARNING * * *
You barely miss the gnoll. The gnoll hits you with a +0 spear!
You die...

#...#)# ..
....(.....#
.........# #..#.# ..#
#..#># ..#
#.###..#.###.#
..?....#...†.#
#.....g@.....#######.
#.####.#####.........
#.#.####.# ##†##.####
#.>......######$##.#
#....####...........#
#.# #.########### #.#
#.# #.#


You could see a gnoll.

Vanquished Creatures
  A giant cockroach (D:1)
  3 hobgoblins (D:1)
  4 bats (D:1)
  A frilled lizard (D:1)
  2 rats (D:1)
11 creatures vanquished.

Notes
Turn   | Place    | Note
-------+----------+-------------------------------------------
     0 | D:1      | Blackhawk the Demonspawn Berserker began the quest for the
                  | Orb.
     0 | D:1      | Reached XP level 1. HP: 18/18 MP: 1/1
   191 | D:1      | Gained mutation: You have a pair of small horns on your
                  | head. [demonic ancestry]
   191 | D:1      | Reached XP level 2. HP: 13/24 MP: 2/2
   205 | D:1      | Slain by a gnoll

Illustrated notes

Levels and vault maps discovered:
D:1:      dpeg_arrival_tiny_a, layout_loops_ring

Skill      XL: |  1 |
---------------+----+-----
Armour         | 2 |  2.0
Dodging        | 2 |  2.0
Fighting       | |  3.1
Axes           | |  2.8

Action                     || total
---------------------------++-------
  Melee: Hand axe          ||    34
   Stab: Sleeping          ||     1
 Armour: Animal skin       ||    29
  Dodge: Dodged            ||    30

Table legend: (Time is in decaauts)
 A = Elapsed time spent in this place.
 B = Non-inter-level travel time spent in this place.
 C = Inter-level travel time spent in this place.
 D = Time resting spent in this place.
 E = Time spent auto-exploring this place.
 F = Levels seen in this place.
 G = Mean time per level.
                   A        B        C        D        E       F      G
               +--------+--------+--------+--------+--------+-----+--------+
         Total |    210 |    210 |      0 |      0 |    132 |   1 |  210.0 |
       Dungeon |    210 |    210 |      0 |      0 |    132 |   1 |  210.0 |
               +--------+--------+--------+--------+--------+-----+--------+

Top non-repeatable levels by time:
     D:1: 210 daAuts
